 Dungeon Crawl Stone Soup version 0.20.0-15-g7f486f2 (webtiles) character file.

61 kuniqs the Skirmisher (level 4, -2/29 HPs)
             Began as a Gargoyle Fighter on June 9, 2017.
             Slain by kuniqs's ghost (4 damage)
             ... on level 3 of the Dungeon.
             The game lasted 00:02:10 (1246 turns).

kuniqs the Skirmisher (Gargoyle Fighter)            Turns: 1246, Time: 00:02:11

Health: -2/29      AC: 10    Str: 19    XL:     4   Next: 7%
Magic:  4/4        EV:  7    Int:  9    God:
Gold:   30         SH:  9    Dex: 10    Spells: 3/3 levels left

rFire    . . .     SeeInvis .   a - +0 flail
rCold    . . .     Gourm    .   c - +0 shield
rNeg     + + .     Faith    .   b - +0 scale mail
rPois    ∞         Spirit   .   (no helmet)
rElec    +         Reflect  .   (no cloak)
rCorr    .         Harm     .   (no gloves)
MR       .....                  (no boots)
Stlth    ..........             (no amulet)
Regen    0.1/turn               q - ring of positive energy
MPRegen  0.1/turn               (no ring)

@: no status effects
A: negative energy resistance 1, electricity resistance, unbreathing,
petrification resistance, rot immunity, AC +3
a: no special abilities


You were on level 3 of the Dungeon.
You were not hungry.

You visited 1 branch of the dungeon, and saw 3 of its levels.

You collected 30 gold pieces.

Inventory:

Hand Weapons
 a - a +0 flail (weapon)
Armour
 b - a +0 scale mail (worn)
 c - a +0 shield (worn)
Jewellery
 q - a ring of positive energy (left hand)
Scrolls
 e - a scroll of remove curse {unknown}
 i - 4 scrolls of identify {unknown}
 j - 2 scrolls of noise {unknown}
 m - a scroll of enchant armour {unknown}
 o - a scroll of teleportation {unknown}
 r - a scroll of magic mapping {unknown}
Potions
 f - a potion of might
 k - a potion of heal wounds {unknown}
 l - a potion of curing {unknown}
 n - 2 potions of haste {unknown}
 p - a potion of agility {unknown}
Comestibles
 d - 2 bread rations
 g - 2 chunks of flesh
 h - a royal jelly


   Skills:
 + Level 3.7 Fighting
 + Level 2.8 Maces & Flails
 + Level 3.7 Armour
 + Level 1.0 Dodging
 + Level 3.5 Shields


You had 3 spell levels left.
You didn't know any spells.

Dungeon Overview and Level Annotations

Branches:
Dungeon (3/15)

Altars:
Hepliaklqana

Annotations:
D:3 kuniqs's ghost, weakling GrFi


Innate Abilities, Weirdness & Mutations

You are resistant to torment.
Your stone body is resilient. (AC +3)
You are immune to poison.
You resist negative energy. (rN+)
You are resistant to electric shocks. (rElec)
You can survive without breathing.
You are immune to petrification.
You are immune to rotting.


Message History

You hit kuniqs's ghost but do no damage.
Kuniqs's ghost is heavily damaged.
You block kuniqs's ghost's attack.
Some of the chunks of flesh in your inventory have rotted away.
You hit kuniqs's ghost but do no damage.
Kuniqs's ghost is heavily damaged.
Kuniqs's ghost wails, "You will never get the ORB!"
You block kuniqs's ghost's attack.
You barely miss kuniqs's ghost.
Kuniqs's ghost is heavily damaged.
You block kuniqs's ghost's attack. Kuniqs's ghost hits you.
* * * LOW HITPOINT WARNING * * *
Your shield and scale mail prevent you from hitting kuniqs's ghost.
Kuniqs's ghost is heavily damaged.
Kuniqs's ghost hits you.
* * * LOW HITPOINT WARNING * * *
You thump kuniqs's ghost!
Kuniqs's ghost is almost destroyed.
Kuniqs's ghost hits you.
You die...

# #######...#
#..@.......
......W........
...##..........
. #######...#
..# .# #


You could see kuniqs's ghost.

Vanquished Creatures
  An adder (D:2)
  An ooze (D:2)
  A worm (D:2)
  2 dart slugs
  2 ball pythons
  3 giant cockroaches
  A goblin (D:1)
  4 hobgoblins
  11 kobolds
  8 bats
  3 frilled lizards (D:1)
  6 rats (D:2)
43 creatures vanquished.

Notes
Turn   | Place    | Note
-------+----------+-------------------------------------------
     0 | D:1      | kuniqs the Gargoyle Fighter began the quest for the Orb.
     0 | D:1      | Reached XP level 1. HP: 14/14 MP: 1/1
   130 | D:1      | Reached XP level 2. HP: 18/19 MP: 2/2
   816 | D:2      | Reached XP level 3. HP: 22/23 MP: 3/3
   872 | D:2      | Found a hazy altar of Hepliaklqana.
   944 | D:2      | Reached skill level 1 in Dodging
  1096 | D:2      | Reached XP level 4. HP: 22/29 MP: 4/4
  1231 | D:3      | Noticed kuniqs's ghost (weakling GrFi)
  1246 | D:3      | Slain by kuniqs's ghost

Skill      XL: |  1  2  3 |
---------------+----------+-----
Dodging        | 1 |  1.0
Fighting       | |  3.7
Maces & Flails | |  2.8
Armour         | |  3.7
Shields        | |  3.5

Action                   |  1- 3 |  4- 6 || total
-------------------------+-------+-------++-------
Melee: Flail             |   129 |    24 ||   153
  Eat: Chunk             |     1 |       ||     1
Armor: Scale mail        |    86 |     6 ||    92
Dodge: Dodged            |    50 |     5 ||    55
Block: Shield            |    70 |    16 ||    86
